Description

This build is fantastic for countering fast expand openings, useful in a meta where there's lots of gas-rax-CC-Factory builds as you can do crucial damage before any cyclone or hellion emerges. It struggles to stay on par with one-base 2-gas builds, though with good control you can often still transition quite well.

Iaguz talks about the strength of the different openings at the start of this VoD: https://www.youtube.com/watch?v=3M8gW_RJyvM

VOD

https://www.youtube.com/watch?v=0vg8lX0-GQQ

Replay - Iaguz vs Seither WCS ANZ Upper Bracket Finals G1 TvT

Build Order

Get SALT Encoding   

  12  0:00  SCV  
  13  0:13  SCV  
  14  0:18  Supply Depot  
  14  0:25  SCV  
  15  0:40  Barracks  
  15  0:44  Refinery  
  15  0:57  Barracks  
  15  1:01  SCV  
  16  1:13  SCV  
  17  1:28  Orbital Command  
  17  1:29  Reaper  
  18  1:33  Refinery  
  18  1:44  Reaper  
  19  1:55  SCV  
  19  2:01  Reaper  
  21  2:03  Supply Depot  
  21  2:07  SCV  
  22  2:20  SCV  
  23  2:25  Reaper  
  23  2:26  Supply Depot  
  24  2:32  SCV  
  25  2:41  Reaper  
  25  2:44  SCV  
  27  2:58  Factory  
  27  3:01  Reaper  
  28  3:12  Supply Depot  
  30  3:44  Starport, Command Center  
  28  3:59  Cyclone  
  31  4:08  Bunker  
  32  4:10  Engineering Bay  
  32  4:21  Viking  
  35  4:33  Cyclone  
  39  4:45  Supply Depot  
  40  4:50  Barracks Reactor  
  40  4:54  Starport Tech Lab  
Spawning Tool Build Advisor. Get it on Overwolf

Go to:

Details

  • Created by: PiG      
  • Published on: May 29, 2017
  • Modified on: May 30, 2017
  • Patch: 3.8.0
Show
View Real Time Build Order
Export as new Build Order

Comments (0)

There are no comments. Be the first!

Create an account to comment!